 Dungeon Crawl Stone Soup version 0.20.0-15-g7f486f2 (webtiles) character file.

38 sagitran the Ducker (level 3, -3/27 HPs)
             Began as a Demonspawn Gladiator on June 22, 2017.
             Slain by an adder (5 damage)
             ... on level 2 of the Dungeon.
             The game lasted 00:09:46 (967 turns).

sagitran the Ducker (Demonspawn Gladiator)           Turns: 967, Time: 00:09:47

Health: -3/27      AC:  6    Str: 14    XL:     3   Next: 25%
Magic:  3/3        EV: 13    Int:  9    God:
Gold:   74         SH:  0    Dex: 15    Spells: 2/2 levels left

rFire    . . .     SeeInvis .   a - +0 trident
rCold    . . .     Gourm    .   (no shield)
rNeg     . . .     Faith    .   b - +0 leather armour
rPois    .         Spirit   .   (helmet restricted)
rElec    .         Reflect  .   h - +0 cloak
rCorr    .         Harm     .   i - +1 pair of gloves
MR       .....                  (no boots)
Stlth    +.........             j - amulet of rage
Regen    0.1/turn               (no ring)
MPRegen  0.1/turn               (no ring)

@: no status effects
A: horns 1, powered by pain 1
a: Evoke Berserk Rage


You were on level 2 of the Dungeon.
You were not hungry.

You visited 1 branch of the dungeon, and saw 2 of its levels.

You collected 74 gold pieces.

Inventory:

Hand Weapons
 a - a +0 trident (weapon)
Missiles
 c - 2 tomahawks
 d - 3 throwing nets (quivered)
Armour
 b - a +0 leather armour (worn)
 h - a +0 cloak (worn)
 i - a +1 pair of gloves (worn)
Jewellery
 j - an amulet of rage (around neck)
Scrolls
 g - a scroll of remove curse
Potions
 e - a potion of heal wounds {unknown}
 k - a potion of invisibility {unknown}
 m - a potion of might {unknown}
Comestibles
 f - 3 bread rations
 n - a royal jelly


   Skills:
 + Level 2.2 Fighting
 + Level 3.1 Polearms
 + Level 1.9 Throwing
 + Level 0.6 Armour
 * Level 3.3 Dodging


You had 2 spell levels left.
You didn't know any spells.

Dungeon Overview and Level Annotations

Branches:
Dungeon (2/15)

Altars:
Dithmenos

Annotations:
D:2 Terence


Innate Abilities, Weirdness & Mutations

You have a pair of small horns on your head.
You sometimes gain a little power by taking damage.


Message History

The adder misses you.
You hit the adder but do no damage. Your headbutt misses the adder.
The adder bites you.
* * * LOW HITPOINT WARNING * * *
The adder barely misses you.
You closely miss the adder. Your headbutt misses the adder.
The adder bites you but does no damage.
You miss the adder. Your headbutt misses the adder.
The adder barely misses you. The adder misses you.
You barely miss the adder. The adder bites you but does no damage.
You miss the adder. You headbutt the adder.
The adder is moderately wounded.
The adder barely misses you. The adder bites you but does no damage.
You miss the adder.
The adder is moderately wounded.
The adder barely misses you.
You miss the adder.
The adder is lightly wounded.
The adder misses you. The adder bites you.
You die...

..#.#....######.# #.###
....#.#.######..## #..<†
..###............###############)
..# #..####.####...........# #.
### #..##.....##.#########.# #. #
#..#.......#.# #.# #. #
#..#.......#.# #.# #.
#####......_..gS.# #.# #.
..)....#.......#@# #.# #>
#####†.#.......#..# #.#####.
#..##.....##..# #.......
##.####.####... ######## #..
..... ...## ####### . ####


You could see an adder and a goblin.

Vanquished Creatures
  An adder (D:2)
  A dart slug (D:2)
  3 leopard geckos
  3 bats (D:1)
  A giant cockroach (D:1)
  2 goblins (D:1)
  2 hobgoblins (D:1)
  3 jackals (D:2)
  3 frilled lizards
  2 kobolds
  3 rats
24 creatures vanquished.

Notes
Turn   | Place    | Note
-------+----------+-------------------------------------------
     0 | D:1      | sagitran the Demonspawn Gladiator began the quest for the Orb.
     0 | D:1      | Reached XP level 1. HP: 16/16 MP: 1/1
     6 | D:1      | Noticed a lindwurm
     6 | D:1      | Noticed a hog
     6 | D:1      | Noticed a rime drake
     6 | D:1      | Noticed a black mamba
   320 | D:1      | Gained mutation: You have a pair of small horns on your head. [demonic ancestry]
   320 | D:1      | Reached XP level 2. HP: 19/22 MP: 2/2
   859 | D:2      | Gained mutation: You sometimes gain a little power by taking damage. [demonic ancestry]
   859 | D:2      | Reached XP level 3. HP: 7/27 MP: 3/3
   905 | D:2      | Found a shadowy altar of Dithmenos.
   908 | D:2      | Noticed Terence
   967 | D:2      | Slain by an adder

Skill      XL: |  1  2 |
---------------+-------+-----
Polearms       | 3 |  3.1
Dodging        | 3 |  3.3
Fighting       | |  2.2
Throwing       | |  1.9
Armour         | |  0.6

Action                   || total
-------------------------++-------
Melee: Trident           ||    91
       Headbutt          ||    10
  Use: Scroll            ||     2
Armor: Leather armour    ||    49
Dodge: Dodged            ||    97
